NCAA
TEXAS LONGHORNS @ ARIZONA STATE SUN DEVILS
05/11/2027
 
TOP OF THE 1ST
Texas Longhorns batting - Pitching for Arizona State Sun Devils : RHP Tom Davis
Pitching: RHP Tom Davis
Batting: SHB Randy Anderson 0-0: Ball
1-0: Ball
2-0: Ball
3-0: Base on Balls
Batting: RHB Bob Cooper 0-0: Foul Ball, location: 2F
0-1: Ball
1-1: Ball
2-1: Foul Ball, location: 2F
2-2: Grounds into double play, 4-6-3 (Groundball, 4M)
Batting: RHB Joe Rogers 0-0: Ball
1-0: Ball
2-0: Ball
3-0: Base on Balls
Batting: LHB Dave Tucker 0-0: Ball
1-0: Called Strike
1-1: Ball
2-1: Ball
3-1: Fly out, F4 (Popup, 4)
Top of the 1st over - 0 run(s), 0 hit(s), 0 error(s), 1 left on base; Texas 0 - Arizona State 0
BOTTOM OF THE 1ST
Arizona State Sun Devils batting - Pitching for Texas Longhorns : RHP Clarence Holmes
Pitching: RHP Clarence Holmes
Batting: RHB Ryan Conway 0-0: Foul Ball, location: 2F
0-1: Ball
1-1: Foul Ball, location: 2F
1-2: Strikes out looking
Batting: RHB Stan Murray 0-0: Ball
1-0: Called Strike
1-1: Ball
2-1: Swinging Strike
2-2: Fly out, F6 (Popup, 6D)
Batting: RHB Vernon Harris 0-0: Foul Ball, location: 2F
0-1: Swinging Strike
0-2: Strikes out looking
Bottom of the 1st over - 0 run(s), 0 hit(s), 0 error(s), 0 left on base; Texas 0 - Arizona State 0
TOP OF THE 2ND
Texas Longhorns batting - Pitching for Arizona State Sun Devils : RHP Tom Davis
Batting: RHB John Burton 0-0: Called Strike
0-1: Fly out, F8 (Flyball, 89M)
Batting: RHB José Wills 0-0: Ball
1-0: Called Strike
1-1: Foul Ball, location: 2F
1-2: SOLO HOME RUN (Flyball, 8LXD), Distance : 400 ft
Batting: LHB Arlen Powers 0-0: Ball
1-0: Called Strike
1-1: Swinging Strike
1-2: Fly out, F9 (Flyball, 89M)
Batting: SHB Dave Hickman 0-0: Ball
1-0: Ball
2-0: Called Strike
2-1: Foul Ball, location: 2F
2-2: Foul Ball, location: 2F
2-2: Foul Ball, location: 2F
2-2: Ball
3-2: Foul Ball, location: 2F
3-2: Base on Balls
Batting: SHB Fabio Morán 0-0: Ball
Dave Hickman steals 2nd base
1-0: Foul Ball, location: 2F
1-1: DOUBLE (Groundball, 3D)
Dave Hickman scores
Batting: SHB Randy Anderson 0-0: Called Strike
0-1: Ball
1-1: Fly out, F8 (Flyball, 8RM)
Top of the 2nd over - 2 run(s), 2 hit(s), 0 error(s), 1 left on base; Texas 2 - Arizona State 0
BOTTOM OF THE 2ND
Arizona State Sun Devils batting - Pitching for Texas Longhorns : RHP Clarence Holmes
Batting: SHB Leonardo González 0-0: Called Strike
0-1: Ball
1-1: Foul Ball, location: 2F
1-2: Ball
2-2: Strikes out swinging
Batting: RHB Jeffery Burton 0-0: Foul Ball, location: 2F
0-1: Swinging Strike
0-2: Strikes out swinging, 2-3 out at first.
Batting: LHB Ryan Billman 0-0: Foul Ball, location: 2F
0-1: Ball
1-1: Foul Ball, location: 2F
1-2: Strikes out swinging
Bottom of the 2nd over - 0 run(s), 0 hit(s), 0 error(s), 0 left on base; Texas 2 - Arizona State 0
TOP OF THE 3RD
Texas Longhorns batting - Pitching for Arizona State Sun Devils : RHP Tom Davis
Batting: RHB Bob Cooper 0-0: Ball
1-0: Ball
2-0: Swinging Strike
2-1: Ball
3-1: DOUBLE (Groundball, 5L)
Batting: RHB Joe Rogers 0-0: Fly out, F7 (Flyball, 78S)
Batting: LHB Dave Tucker 0-0: Called Strike
0-1: Ball
1-1: Ball
2-1: Called Strike
2-2: Ball
3-2: Base on Balls
Batting: RHB John Burton 0-0: Fly out, F4 (Line Drive, 34)
Batting: RHB José Wills 0-0: Called Strike
0-1: Swinging Strike
0-2: Ball
1-2: Strikes out looking
Top of the 3rd over - 0 run(s), 1 hit(s), 0 error(s), 2 left on base; Texas 2 - Arizona State 0
BOTTOM OF THE 3RD
Arizona State Sun Devils batting - Pitching for Texas Longhorns : RHP Clarence Holmes
Batting: RHB Bob Bennett 0-0: Swinging Strike
0-1: Swinging Strike
0-2: Foul Ball, location: 2F
0-2: Strikes out swinging
Batting: LHB John Lynch 0-0: Foul Ball, location: 2F
0-1: Ground out 5-3 (Groundball, 5)
Batting: LHB John Turner 0-0: Foul Ball, location: 2F
0-1: Ball
1-1: Foul Ball, location: 2F
1-2: Fly out, F5 (Popup, 5S)
Bottom of the 3rd over - 0 run(s), 0 hit(s), 0 error(s), 0 left on base; Texas 2 - Arizona State 0
TOP OF THE 4TH
Texas Longhorns batting - Pitching for Arizona State Sun Devils : RHP Tom Davis
Batting: LHB Arlen Powers 0-0: Called Strike
0-1: Ball
1-1: Swinging Strike
1-2: Strikes out looking
Batting: SHB Dave Hickman 0-0: Ball
1-0: Ball
2-0: Called Strike
2-1: Ball
3-1: Base on Balls
Batting: SHB Fabio Morán 0-0: Called Strike
0-1: Ball
1-1: Called Strike
1-2: Strikes out swinging
Batting: SHB Randy Anderson 0-0: Ball
1-0: Ball
2-0: Called Strike
2-1: Ground out 4-3 (Groundball, 4MS)
Top of the 4th over - 0 run(s), 0 hit(s), 0 error(s), 1 left on base; Texas 2 - Arizona State 0
BOTTOM OF THE 4TH
Arizona State Sun Devils batting - Pitching for Texas Longhorns : RHP Clarence Holmes
Batting: RHB Ryan Conway 0-0: Called Strike
0-1: Ball
1-1: Foul Ball, location: 2F
1-2: Foul Ball, location: 2F
1-2: Strikes out swinging
Batting: RHB Stan Murray 0-0: Ball
1-0: Foul Ball, location: 2F
1-1: Fly out, F8 (Flyball, 8LM)
Batting: RHB Vernon Harris 0-0: Called Strike
0-1: Foul Ball, location: 2F
0-2: Ball
1-2: Strikes out swinging, 2-3 out at first.
Bottom of the 4th over - 0 run(s), 0 hit(s), 0 error(s), 0 left on base; Texas 2 - Arizona State 0
TOP OF THE 5TH
Texas Longhorns batting - Pitching for Arizona State Sun Devils : RHP Tom Davis
Batting: RHB Bob Cooper 0-0: Ball
1-0: Ball
2-0: Called Strike
2-1: Ball
3-1: SINGLE (Flyball, 7LM)
Pitching: LHP Ryan Stevenson
Batting: RHB Joe Rogers 0-0: Ball
1-0: Ball
2-0: Swinging Strike
2-1: Foul Ball, location: 2F
2-2: Fly out, F6 (Line Drive, 6)
Batting: LHB Dave Tucker 0-0: Ball
Wild Pitch!
Bob Cooper to second
1-0: Ground out U3 (Groundball, 34S)
Bob Cooper to third
Batting: RHB John Burton 0-0: Ball
1-0: Foul Ball, location: 2F
1-1: Foul Ball, location: 2F
1-2: Ball
2-2: Ball
3-2: Fly out, F4 (Popup, 4D)
Top of the 5th over - 0 run(s), 1 hit(s), 0 error(s), 1 left on base; Texas 2 - Arizona State 0
BOTTOM OF THE 5TH
Arizona State Sun Devils batting - Pitching for Texas Longhorns : RHP Clarence Holmes
Batting: SHB Leonardo González 0-0: Called Strike
0-1: Ball
1-1: Foul Ball, location: 2F
1-2: Strikes out looking
Batting: RHB Jeffery Burton 0-0: Called Strike
0-1: Foul Ball, location: 2F
0-2: SINGLE (Line Drive, 9S)
Batting: LHB Ryan Billman 0-0: Called Strike
0-1: Fly out, F4 (Popup, 4D)
Batting: RHB Bob Bennett 0-0: Ball
1-0: Called Strike
1-1: TRIPLE (Line Drive, 9)
Jeffery Burton scores
Batting: LHB John Lynch 0-0: Ground out 4-3 (Groundball, 34)
Bottom of the 5th over - 1 run(s), 2 hit(s), 0 error(s), 1 left on base; Texas 2 - Arizona State 1
TOP OF THE 6TH
Texas Longhorns batting - Pitching for Arizona State Sun Devils : LHP Ryan Stevenson
Batting: RHB José Wills 0-0: Foul Ball, location: 2F
0-1: Foul Ball, location: 2F
0-2: SINGLE (Flyball, 7S)
Batting: LHB Arlen Powers 0-0: Fielders Choice at 2nd, 6-4 (Groundball, 6)
Batting: SHB Dave Hickman 0-0: Swinging Strike
0-1: Ball
1-1: Fly out, F9 (Flyball, 9LM)
Batting: SHB Fabio Morán 0-0: Ball
1-0: Ball
2-0: Called Strike
2-1: Fielders Choice at 2nd, 6-4 (Groundball, 6)
Top of the 6th over - 0 run(s), 1 hit(s), 0 error(s), 0 left on base; Texas 2 - Arizona State 1
BOTTOM OF THE 6TH
Arizona State Sun Devils batting - Pitching for Texas Longhorns : RHP Clarence Holmes
Batting: LHB John Turner 0-0: Ball
1-0: Called Strike
1-1: Swinging Strike
1-2: Ball
2-2: Ball
3-2: Foul Ball, location: 2F
3-2: Base on Balls
Batting: RHB Ryan Conway 0-0: Called Strike
0-1: Ball
1-1: Foul Ball, location: 2F
1-2: Ball
2-2: Strikes out looking
Batting: RHB Stan Murray 0-0: Foul Ball, location: 2F
0-1: Swinging Strike
0-2: Foul Ball, location: 2F
0-2: Ball
1-2: Foul Ball, location: 2F
1-2: Ball
2-2: Strikes out swinging
Batting: RHB Vernon Harris 0-0: Called Strike
0-1: Foul Ball, location: 2F
0-2: SINGLE (Groundball, 34S) (infield hit)
John Turner to second
Pitching: RHP Tim Sheridan
Batting: SHB Leonardo González 0-0: Foul Ball, location: 2F
0-1: 3-RUN HOME RUN (Flyball, 9D), Distance : 365 ft
Batting: RHB Jeffery Burton 0-0: Ball
1-0: Foul Ball, location: 2F
1-1: Foul Ball, location: 2F
1-2: Fly out, F9 (Flyball, 9)
Bottom of the 6th over - 3 run(s), 2 hit(s), 0 error(s), 0 left on base; Texas 2 - Arizona State 4
TOP OF THE 7TH
Texas Longhorns batting - Pitching for Arizona State Sun Devils : LHP Ryan Stevenson
Batting: SHB Randy Anderson 0-0: Called Strike
0-1: Ball
1-1: Ball
2-1: Ball
3-1: Ground out 6-3 (Groundball, 6M)
Batting: RHB Bob Cooper 0-0: Ball
1-0: Called Strike
1-1: Swinging Strike
1-2: Ball
2-2: Foul Ball, location: 2F
2-2: Foul Ball, location: 2F
2-2: Ground out 2-3 (Groundball, 2L)
Batting: RHB Joe Rogers 0-0: Ball
1-0: Called Strike
1-1: Foul Ball, location: 2F
1-2: SINGLE (Groundball, 6D)
Batting: LHB Dave Tucker 0-0: Called Strike
0-1: Foul Ball, location: 2F
0-2: Ball
1-2: Ball
2-2: Ball
3-2: Reached on error, E8 (Flyball, 8LM)
Joe Rogers to third
Batting: RHB John Burton 0-0: Ball
1-0: Called Strike
1-1: Foul Ball, location: 2F
1-2: Ball
2-2: SINGLE (Flyball, 89S)
Joe Rogers scores
Dave Tucker to third
Runner from 3rd tries for Home, throw and OUT!
Top of the 7th over - 1 run(s), 2 hit(s), 1 error(s), 1 left on base; Texas 3 - Arizona State 4
BOTTOM OF THE 7TH
Arizona State Sun Devils batting - Pitching for Texas Longhorns : RHP Tim Sheridan
Batting: LHB Ryan Billman 0-0: Ball
1-0: Called Strike
1-1: Ground out 3-1 (Groundball, 34)
Batting: RHB Bob Bennett 0-0: Called Strike
0-1: Called Strike
0-2: Ball
1-2: Strikes out swinging
Batting: LHB John Lynch 0-0: Called Strike
0-1: Ball
1-1: Ball
2-1: Swinging Strike
2-2: Strikes out swinging
Bottom of the 7th over - 0 run(s), 0 hit(s), 0 error(s), 0 left on base; Texas 3 - Arizona State 4
TOP OF THE 8TH
Texas Longhorns batting - Pitching for Arizona State Sun Devils : LHP Ryan Stevenson
Pitching: RHP Robby MacRae
Batting: RHB José Wills 0-0: Foul Ball, location: 2F
0-1: SOLO HOME RUN (Flyball, 7D), Distance : 351 ft
Batting: LHB Arlen Powers 0-0: Swinging Strike
0-1: Ball
1-1: Swinging Strike
1-2: Strikes out looking
Batting: SHB Dave Hickman 0-0: Ball
1-0: Called Strike
1-1: Ball
2-1: Swinging Strike
2-2: Ball
3-2: Base on Balls
Batting: SHB Fabio Morán 0-0: Foul Ball, location: 2F
0-1: Ball
1-1: Ball
2-1: Called Strike
2-2: Fly out, F8 (Flyball, 8RS)
Batting: SHB Randy Anderson 0-0: Ball
1-0: Called Strike
1-1: Ground out 1-3 (Groundball, P)
Top of the 8th over - 1 run(s), 1 hit(s), 0 error(s), 1 left on base; Texas 4 - Arizona State 4
BOTTOM OF THE 8TH
Arizona State Sun Devils batting - Pitching for Texas Longhorns : RHP Tim Sheridan
Batting: LHB John Turner 0-0: Called Strike
0-1: Ball
1-1: SINGLE (Groundball, 4D)
Batting: RHB Ryan Conway 0-0: Sac Bunt - play at first, batter OUT! 1-4
John Turner to second
Pinch Hitting: RHB Cristo Avalos 0-0: Foul Ball, location: 2F
0-1: Called Strike
0-2: Ball
1-2: Strikes out swinging
Batting: RHB Vernon Harris 0-0: Ball
1-0: Ground out 5-3 (Groundball, 56S)
Bottom of the 8th over - 0 run(s), 1 hit(s), 0 error(s), 1 left on base; Texas 4 - Arizona State 4
TOP OF THE 9TH
Texas Longhorns batting - Pitching for Arizona State Sun Devils : RHP Robby MacRae
Pitching: LHP Martin O'Herlihy
Now in LF: José Serrano
Batting: RHB Bob Cooper 0-0: Foul Ball, location: 2F
0-1: Ball
1-1: Foul Ball, location: 2F
1-2: Ball
2-2: Ball
3-2: Ground out 6-3 (Groundball, 6)
Batting: RHB Joe Rogers 0-0: Called Strike
0-1: Ball
1-1: Called Strike
1-2: Ball
2-2: Ball
3-2: Strikes out looking
Batting: LHB Dave Tucker 0-0: Foul Ball, location: 2F
0-1: Ball
1-1: Foul Ball, location: 2F
1-2: Strikes out swinging
Top of the 9th over - 0 run(s), 0 hit(s), 0 error(s), 0 left on base; Texas 4 - Arizona State 4
BOTTOM OF THE 9TH
Arizona State Sun Devils batting - Pitching for Texas Longhorns : RHP Tim Sheridan
Batting: SHB Leonardo González 0-0: Ball
1-0: Called Strike
1-1: Ball
2-1: Fly out, F6 (Line Drive, 6)
Batting: RHB Jeffery Burton 0-0: Ball
1-0: Foul Ball, location: 2F
1-1: Ball
2-1: Swinging Strike
2-2: Foul Ball, location: 2F
2-2: Foul Ball, location: 2F
2-2: Ground out 5-3 (Groundball, 56S)
Batting: LHB Ryan Billman 0-0: DOUBLE (Line Drive, 89S)
Pinch Hitting: RHB Bill McMichael 0-0: SINGLE (Line Drive, 56D)
Ryan Billman to third
Runner from 3rd tries for Home, SAFE, no throw
Thursday, March 30th, 2017 - OOTP Baseball 17.12 Build 75